 Dungeon Crawl Stone Soup version 0.25-a0-458-g6fc7858b95 (webtiles) character file.

Game seed: 1539585988941269334, levelgen mode: deterministic

42 ChaosChampion the Sneak (level 3, -2/16 HPs)
             Began as a Spriggan Enchanter on Feb 1, 2020.
             Slain by a worker ant (4 damage)
             ... on level 3 of the Dungeon.
             The game lasted 00:06:26 (1700 turns).

ChaosChampion the Sneak (Spriggan Enchanter)        Turns: 1700, Time: 00:06:27

Health: -2/16      AC:  2    Str:  4    XL:     3   Next: 33%
Magic:  8/8        EV: 19    Int: 16    God:
Gold:   73         SH:  0    Dex: 17    Spells: 5/8 levels left

rFire    . . .     SeeInvis +   a - +1 dagger
rCold    . . .     Gourm    .   (shield restricted)
rNeg     . . .     Faith    .   b - +0 robe
rPois    .         Spirit   .   (helmet restricted)
rElec    .         Reflect  .   (no cloak)
rCorr    .         Harm     .   (gloves unavailable)
MR       .....                  (boots unavailable)
Stlth    +++.......             (no amulet)
HPRegen  0.05/turn              (no ring)
MPRegen  0.11/turn              (no ring)

@: lethally poisoned (-2 -> -10), very quick
A: very small, unfitting armour, see invisible, herbivore, speed 3, slow
metabolism 2
a: no special abilities


You were on level 3 of the Dungeon.
You were not hungry.

You visited 1 branch of the dungeon, and saw 3 of its levels.

You collected 73 gold pieces.

Inventory:

Hand Weapons
 a - a +1 dagger (weapon)
 h - a +2 flail of draining
Missiles
 i - 10 poisoned darts (quivered)
 l - 5 silver javelins
Armour
 b - a +0 robe (worn)
Jewellery
 q - a cursed ring of attention {unknown}
Scrolls
 c - 2 scrolls of identify {unknown}
 e - a scroll of remove curse {unknown}
 f - a scroll of magic mapping {unknown}
 g - a scroll of blinking {unknown}
 k - a scroll of teleportation {unknown}
 m - 2 scrolls of immolation {unknown}
 n - a scroll of enchant weapon {unknown}
Potions
 j - 2 potions of curing {unknown}
 o - 2 potions of degeneration {unknown}
 p - a potion of heal wounds {unknown}
Comestibles
 d - 4 rations


   Skills:
 + Level 0.3 Fighting
 * Level 1.4 Short Blades
 + Level 3.4 Dodging
 * Level 5.4 Stealth
 + Level 3.1 Spellcasting
 * Level 3.9 Hexes
 + Level 0.1 Ice Magic


You had 5 spell levels left.
You knew the following spells:

 Your Spells              Type           Power        Failure   Level  Hunger
a - Corona                Hex            ###....      3%          1    #......
b - Ensorcelled Hibernat  Hex/Ice        #.....       12%         2    ##.....

Your spell library contained the following spells:

 Spells                   Type           Power        Failure   Level  Hunger
 Confusing Touch          Hex            ###.....     11%         3    ###....
 Tukima's Dance           Hex            ###.....     11%         3    ###....
 Dazzling Flash           Conj/Hex       #.....       26%         3    ###....


Dungeon Overview and Level Annotations

Branches:
Dungeon (3/15)

Altars:


Innate Abilities, Weirdness & Mutations

You are very small and have problems with some larger weapons.
You are too small for most types of armour.
You have supernaturally acute eyesight. (SInv)
You are a herbivore.
You cover ground extremely quickly.
You need to consume almost no food.


Message History

The worker ant is moderately wounded.
The jackal closely misses you. The bat completely misses you.
The worker ant closely misses you. The jackal misses you.
You hit the worker ant.
The worker ant is moderately wounded.
The bat closely misses you. The jackal bites you. The jackal barely misses you.
The worker ant closely misses you. The jackal barely misses you.
You hit the worker ant but do no damage.
The worker ant is moderately wounded.
The adder misses you. The jackal completely misses you.
The worker ant bites you!
Ouch! That really hurt!
* * * LOW HITPOINT WARNING * * *
You are lethally poisoned!
The worker ant poisons you! The jackal misses you.
The jackal barely misses you. The adder barely misses you. The bat misses you.
You can't go down here!
* * * LOW HITPOINT WARNING * * *
You feel sick. The bat misses you. The worker ant bites you.
You die...

##### #...#
#.#.########
#......#b.a# ..
###.#...h@.#
....#####.##..hS.###
..........#........#
#+#####.....#.####.#
##.### #.#............
.....# #.#.#.#........#
##.#.###.#...#........#
##.>.....ho............
##.†.....#........##.


You could see a worker ant, an orc wizard, an adder, 2 jackals and a bat.

Vanquished Creatures
  An adder (D:2)
  A dart slug (D:2)
  A leopard gecko (D:2)
  A ball python (D:2)
  A bat zombie (D:1)
  3 giant cockroaches
  A hobgoblin (D:2)
  6 bats
  6 goblins
  5 kobolds
  3 rats
29 creatures vanquished.

Notes
Turn   | Place    | Note
-------+----------+-------------------------------------------
     0 | D:1      | ChaosChampion the Spriggan Enchanter began the quest for
                  | the Orb.
     0 | D:1      | Reached XP level 1. HP: 9/9 MP: 5/5
   518 | D:1      | Reached XP level 2. HP: 13/13 MP: 6/6
   764 | D:2      | Learned a level 2 spell: Ensorcelled Hibernation
   850 | D:2      | Reached skill level 5 in Stealth
  1220 | D:2      | Reached XP level 3. HP: 6/16 MP: 4/8
  1700 | D:3      | Slain by a worker ant

Levels and vault maps discovered:
D:1:      saegor_arrival_fortress, layout_rooms, dk_noncrumbling_4
D:2:      layout_basic
D:3:      layout_basic, serial_bayou, serial_bayou_shore_b, serial_bayou_pond_a,
          serial_bayou_pond_c, serial_bayou_pond_e, serial_bayou_pond_c,
          st_stairs_4

Skill      XL: |  1  2 |
---------------+-------+-----
Stealth        | 5 |  5.4
Spellcasting   | 3 |  3.1
Fighting       | |  0.3
Short Blades   | |  1.4
Dodging        | |  3.4
Hexes          | |  3.9
Ice Magic      | |  0.1

Action                   || total
-------------------------++-------
Melee: Dagger            ||   129
 Cast: Corona            ||     3
       Ensorcelled Hiber ||    11
 Stab: Sleeping          ||    13
Armor: Robe              ||    11
Dodge: Dodged            ||   144

Table legend:
 A = Non-vault XP
 B = Vault XP
 C = Vault XP percentage of total XP
 D = Non-vault monster count
 E = Vault monster count
 F = Vault count percentage of total count
                 A         B        C        D         E       F
            +---------+---------+-------+---------+---------+-------
      Total |      58 |       2 |   3.3 |      28 |       1 |   3.4
            +---------+---------+-------+---------+---------+-------
        D:1 |      12 |       2 |  14.3 |      10 |       1 |   9.1
        D:2 |      40 |       0 |   0.0 |      15 |       0 |   0.0
        D:3 |       6 |       0 |   0.0 |       3 |       0 |   0.0
            +---------+---------+-------+---------+---------+-------
